 Dungeon Crawl Stone Soup version 0.28.0-45-g0d030f2227 (console) character file.

Game seed: 18355705922545718660

3502 Banquo the Thaumaturge (level 10, -7/70 HPs)
             Began as a Djinni Cinder Acolyte on Apr 4, 2022.
             Was a High Priest of Ignis.
             Mangled by a gnoll sergeant
             ... wielding a +0 trident
              (8 damage)
             ... on level 7 of the Dungeon.
             The game lasted 00:30:05 (8768 turns).

Banquo the Thaumaturge (Djinni Cinder Acolyte)      Turns: 8768, Time: 00:30:06

Health: -7/70      AC:  4    Str: 13    XL:     10   Next: 28%
Gold:   188        EV: 12    Int: 19    God:    Ignis [*****.] SH:  0 Dex: 10

rFire   + + +      SeeInvis .   b - staff of fire
rCold   . . .      Faith    .   (no shield)
rNeg    . . .      Spirit   .   d - +1 robe
rPois   ∞          Reflect  .   h - +0 helmet
rElec   .          Harm     .   (no cloak)
rCorr   .          Rampage  .   (no gloves)
Will    +....                   (boots unavailable)
Stlth   +.........              (no amulet)
HPRegen 0.21/turn               C - ring of protection from cold
MPRegen 0.00/turn               (no ring)

@: flying
A: sickness immunity, fire resistance 2, cold vulnerability 1, float, innate
caster, HP casting, extra vitality 1
a: Renounce Religion, Fiery Armour, Foxfire Swarm, Rising Flame


You were on level 7 of the Dungeon.
You worshipped Ignis.
Ignis was extremely pleased with you.
You visited 1 branch of the dungeon, and saw 7 of its levels.

You collected 238 gold pieces.
You spent 50 gold pieces at shops.

Inventory:

Hand Weapons
 a - a +0 dagger of venom
 m - a -1 short sword of flaming
 n - a +1 short sword of draining
 q - a +1 dagger of venom
 r - a +0 dagger of speed
 y - a +0 trident
 H - a +0 rapier
Missiles
 s - 9 poisoned darts
Armour
 d - a +1 robe (worn)
 h - a +0 helmet (worn)
 t - the +4 chain mail of Red Birdsong {+Inv}
   (You found it on level 6 of the Dungeon)

   +Inv:      It lets you turn invisible.
Magical Staves
 b - a staff of fire (weapon)
 e - a staff of conjuration
 o - a staff of cold
Jewellery
 w - an amulet of reflection
 C - a ring of protection from cold (left hand)
 D - a ring of fire
Wands
 f - a wand of polymorph (11)
 k - a wand of flame (41)
 v - a wand of paralysis (7)
 B - a wand of acid (12)
Scrolls
 c - 5 scrolls of teleportation
 g - 2 scrolls of blinking {unknown}
 E - 2 scrolls of fog {unknown}
 G - a scroll of fear {unknown}
Potions
 i - 2 potions of might
 j - 3 potions of curing
 l - a potion of heal wounds
 p - 3 potions of brilliance
 u - a potion of cancellation
 x - 3 potions of mutation {unknown}
 z - a potion of berserk rage {unknown}
 A - 2 potions of haste
 F - a potion of resistance {unknown}


   Skills:
 * Level 5.5 Fighting
 + Level 2.9 Short Blades
 * Level 4.0 Dodging
 * Level 10.0 Spellcasting


You had 18 spell levels left.
You knew the following spells:

 Your Spells              Type           Power      Damage    Failure   Level
a - Animate Skeleton      Necr           94%        N/A       1%          1
b - Passwall              Tmut/Erth      39%        N/A       1%          2
h - Hailstorm             Conj/Ice       47%        3d11      1%          4
z - Scorch                Fire           100%       2d10      1%          2
B - Blink                 Tloc           94%        N/A       1%          2
Your spell library was empty.

Dungeon Overview and Level Annotations

Branches:
Dungeon (7/15)             Temple (0/1) D:7

Altars:
Ru
Sif Muna
Zin
The Shining One

Shops:
D:1 ?

Annotations:
D:4 Sigmund
D:7 Joseph


Innate Abilities, Weirdness & Mutations

You are immune to sickness and miasma.
You are immune to poison.
Your flesh is very heat resistant. (rF++)
You are vulnerable to cold. (rC-)
You float through the air rather than walking.
You learn spells naturally, not from books.
Your magical power is your life essence.
You have superior vitality. (+4 MHP)


Message History

The centaur is burned terribly!
You kill the centaur!
A gnoll sergeant comes into view. It is wielding a +0 trident.
Unknown command.
Casting: Scorch (safe; 1% risk of failure)
Confirm with . or Enter, or press ? or * to list all spells.
You feel a surge of power!
Flames lash Joseph.
Joseph is lightly wounded.
Joseph's fire resistance burns away.
Joseph unwields a +0 quarterstaff.
Joseph wields a +1 vorpal hunting sling.
Joseph shoots a sling bullet.
The sling bullet completely misses you.
Casting: Scorch (safe; 1% risk of failure)
Confirm with . or Enter, or press ? or * to list all spells.
You feel a surge of power!
Flames lash Joseph.
Joseph is burned terribly!
Joseph is lightly wounded.
Unknown command.
Casting: Scorch (safe; 1% risk of failure)
Confirm with . or Enter, or press ? or * to list all spells.
You feel a surge of power!
Flames lash Joseph.
Joseph is burned terribly!
Joseph is heavily wounded.
Joseph unwields a +1 vorpal hunting sling.
Joseph wields a +0 quarterstaff.
Joseph hits you with a +0 quarterstaff! The gnoll sergeant closely misses you.
Casting: Scorch (safe; 1% risk of failure)
Confirm with . or Enter, or press ? or * to list all spells.
You feel a surge of power!
Flames lash Joseph.
Joseph is burned terribly!
Joseph is heavily wounded.
Joseph hits you with a +0 quarterstaff!
The gnoll sergeant hits you from afar with a +0 trident.
A jelly comes into view.
Casting: Scorch (safe; 1% risk of failure)
Confirm with . or Enter, or press ? or * to list all spells.
You feel a surge of power!
Flames lash the jelly.
The jelly is heavily wounded.
The jelly's fire resistance burns away.
* * * LOW HITPOINT WARNING * * *
Joseph hits you with a +0 quarterstaff!!
* * * LOW HITPOINT WARNING * * *
The gnoll sergeant hits you from afar with a +0 trident!
You die...

#..###.###.# #.
#....#......#.####
#.###:.##.#....... #
#..##.###.####
###.###.....#
##..#..##..### ##
##..###..##..####
#.####.#.....#.##....#
...#.@.##.##...#..#.#
#.#@#.#...#.#.#..#.#
#Jg##...#...##..##.##
#.#)#.#...#.#.#......
#/#...##.##...#..#.##
####.#...[.#.##.##.##
##g.###).##.....#. ##.
#..##..######
###(###...# #


You could see Joseph (combustible), a gnoll sergeant and a jelly (combustible).

Vanquished Creatures
  Pikel (D:6)
  Grinder (D:3)
  Menkaure (D:7)
  An orc warrior (D:5)
  2 sky beasts
  A black bear (D:7)
  5 ice beasts
  A centaur (D:7)
  A necrophage (D:4)
  2 ogres (D:5)
  A phantom (D:6)
  A bullfrog (D:7)
  4 scorpions
  A water moccasin skeleton (D:3)
  5 killer bees (D:7)
  A howler monkey (D:6)
  A wight (D:7)
  2 centaur zombies
  4 hounds
  3 jellies
  An orc priest (D:7)
  Jessica (D:3)
  A centaur skeleton (D:4)
  7 iguanas
  Natasha (thrice) (D:3)
  An orc wizard (D:4)
  A scorpion zombie (D:5)
  A killer bee zombie (D:6)
  A hound skeleton (D:3)
  2 howler monkey skeletons (D:7)
  3 adders
  2 white imps (D:7)
  An ufetubus (D:6)
  An adder skeleton (D:4)
  A worm (D:5)
  4 dart slugs
  19 orcs
  4 bats
  6 endoplasms
  4 giant cockroaches
  5 goblins
  6 hobgoblins
  2 jackals (D:2)
  5 kobolds
  2 quokkas
  4 ball pythons
  A frilled lizard (D:1)
  7 rats
135 creatures vanquished.

Notes
Turn   | Place    | Note
-------+----------+-------------------------------------------
     0 | D:1      | Banquo the Djinni Cinder Acolyte began the quest for the
                  | Orb.
     0 | D:1      | Reached XP level 1. HP: 20/20 MP: 0/0
     2 | D:1      | Noticed a demigod
     2 | D:1      | Noticed an elf
     4 | D:1      | Noticed a troll
     4 | D:1      | Noticed a draconian
     6 | D:1      | Noticed a gargoyle
     8 | D:1      | Noticed an ogre
    10 | D:1      | Noticed a demonspawn
    12 | D:1      | Noticed a tengu
    12 | D:1      | Noticed a merfolk
    14 | D:1      | Noticed a vampire
    16 | D:1      | Noticed a spriggan
    16 | D:1      | Noticed a formicid
    18 | D:1      | Noticed a felid
    20 | D:1      | Noticed an octopode
    20 | D:1      | Noticed a minotaur
    22 | D:1      | Noticed a dwarf
    22 | D:1      | Noticed a vine stalker
    24 | D:1      | Noticed a human
    24 | D:1      | Noticed a ghoul
    26 | D:1      | Noticed a naga
   236 | D:1      | You are sucked into a shaft and drop 1 floor!
   236 | D:2      | Found a faded altar of an unknown god.
   268 | D:2      | Reached XP level 2. HP: 25/25 MP: 0/0
   448 | D:1      | Found Tifoept's Magic Scroll Shop.
   453 | D:1      | Bought a scroll of identify for 20 gold pieces
   803 | D:1      | Reached XP level 3. HP: 26/30 MP: 0/0
   803 | D:1      | Learned a level 1 spell: Animate Skeleton
  1688 | D:1      | Bought a scroll of teleportation for 30 gold pieces
  1709 | D:2      | Reached skill level 3 in Spellcasting
  1848 | D:2      | Reached XP level 4. HP: 17/35 MP: 0/0
  2049 | D:2      | Found a sacrificial altar of Ru.
  2741 | D:3      | Noticed Natasha
  2756 | D:3      | Killed Natasha
  2757 | D:3      | Reached XP level 5. HP: 20/40 MP: 0/0
  2757 | D:3      | Learned a level 2 spell: Passwall
  2918 | D:3      | Noticed Jessica
  2937 | D:3      | Reached skill level 4 in Spellcasting
  2942 | D:3      | Noticed Natasha
  3176 | D:3      | Noticed Grinder
  3187 | D:3      | Killed Grinder
  3188 | D:3      | Reached skill level 5 in Spellcasting
  3188 | D:3      | Reached XP level 6. HP: 37/47 MP: 0/0
  3188 | D:3      | Reached XP level 7. HP: 40/51 MP: 0/0
  3188 | D:3      | Learned a level 2 spell: Blink
  3386 | D:3      | Killed Natasha
  3411 | D:3      | Noticed Natasha
  3420 | D:3      | Killed Natasha
  3672 | D:3      | Killed Jessica
  4039 | D:4      | Noticed Sigmund
  4053 | D:5      | Entered Level 5 of the Dungeon
  4106 | D:5      | Reached skill level 1 in Dodging
  4214 | D:4      | Reached skill level 6 in Spellcasting
  4274 | D:3      | Reached XP level 8. HP: 53/58 MP: 0/0
  4904 | D:4      | Found a glowing golden altar of the Shining One.
  5598 | D:5      | Found a glowing silver altar of Zin.
  5623 | D:5      | Reached skill level 7 in Spellcasting
  6185 | D:6      | Noticed Pikel
  6237 | D:6      | Identified the +4 chain mail of Red Birdsong {+Inv}
  6258 | D:6      | Reached XP level 9. HP: 47/63 MP: 0/0
  6258 | D:6      | Learned a level 4 spell: Hailstorm
  6652 | D:6      | Killed Pikel
  6653 | D:6      | Reached skill level 5 in Fighting
  6653 | D:6      | Reached skill level 8 in Spellcasting
  6732 | D:6      | Noticed a two-headed ogre
  7287 | D:6      | Reached skill level 9 in Spellcasting
  7558 | D:7      | Noticed Menkaure
  7570 | D:7      | Killed Menkaure
  7845 | D:7      | Reached XP level 10. HP: 61/70 MP: 0/0
  8056 | D:7      | Found a staircase to the Ecumenical Temple.
  8715 | D:7      | Reached skill level 10 in Spellcasting
  8760 | D:7      | Noticed Joseph
  8768 | D:7      | HP: 1/70 [Joseph/+0 quarterstaff (19)]
  8768 | D:7      | Mangled by a gnoll sergeant

Illustrated notes

Levels and vault maps discovered:
D:1:      kb_arrival_jail, layout_loops_corners, serial_shops, shop,
          minivault_14
D:2:      layout_rooms, chequers_ecumenical_altar_simple_redux, basic_altar
D:3:      layout_rooms, minivault_11, uniq_grinder, uniq_jessica, uniq_natasha
D:4:      layout_loops_cross, mainiacjoe_overflow_two_lobes, serial_park_tiny_1,
          minmay_parallelograms, uniq_sigmund
D:5:      layout_basic, mainiacjoe_overflow_alcove_2, glass_columns_c
D:6:      layout_basic, kennysheep_generic_room_6, uniq_pikel
D:7:      minmay_the_grid_octo_tiled_octocenter [minmay_the_grid_octo_chip,
          minmay_the_grid_octo_clover, minmay_the_grid_octo_odd_swirl,
          minmay_the_grid_octo_focus, minmay_the_grid_octo_prize_single_spiral,
          minmay_the_grid_square_5x5_comb,
          minmay_the_grid_square_5x5_eight_small,
          minmay_the_grid_square_5x5_three,
          minmay_the_grid_square_5x5_broken_cross], layout_loops_corners,
          hangedman_abyss_or_decor_lesser_grid, eino_tiny_chamber, uniq_joseph,
          uniq_menkaure

Skill      XL: |  1  2  3  4  5  6  7  8  9 10 |
---------------+-------------------------------+-----
Spellcasting   | 3 5 6 7 9 10 | 10.0
Fighting       | 4 5 |  5.5
Dodging        | 1 2 3 4 |  4.0
Short Blades   | |  2.9

Action                   |  1- 3 |  4- 6 |  7- 9 | 10-12 || total
-------------------------+-------+-------+-------+-------++-------
Melee: Short sword       |    11 |       |       |       ||    11
       Staff             |       |     1 |     1 |       ||     2
 Cast: Scorch            |    39 |    36 |   125 |    36 ||   236
       Animate Skeleton  |       |       |     2 |       ||     2
       Hailstorm         |       |       |       |     8 ||     8
  Use: Scroll            |     2 |     3 |     6 |     1 ||    12
 Stab: Sleeping          |     1 |       |       |       ||     1
Armor: Robe              |     5 |     2 |     3 |     5 ||    15
Dodge: Dodged            |    13 |     9 |    13 |    25 ||    60
